 Dungeon Crawl Stone Soup version 0.23-a0-473-gc8aadda (webtiles) character file.

1 Amnesiac the Digger (level 1, -1/14 HPs)
             Began as a Ghoul Earth Elementalist on Nov 27, 2018.
             Slain by a goblin
             ... wielding a +0 club
              (2 damage)
             ... on level 1 of the Dungeon.
             The game lasted 00:00:45 (60 turns).

Amnesiac the Digger (Ghoul Earth Elementalist)        Turns: 60, Time: 00:00:46

Health: -1/14      AC:  3    Str: 11    XL:     1   Next: 20%
Magic:  1/2        EV: 12    Int: 10    God:
Gold:   0          SH:  0    Dex:  9    Spells: 2/3 levels left

rFire    . . .     SeeInvis .   (no weapon)
rCold    + . .     Gourm    .   (no shield)
rNeg     + + +     Faith    .   c - +0 robe
rPois    ∞         Spirit   .   (no helmet)
rElec    .         Reflect  .   (no cloak)
rCorr    .         Harm     .   (no gloves)
MR       .....                  e - +0 pair of boots
Stlth    ++........             (no amulet)
HPRegen  0.00/turn              (no ring)
MPRegen  0.08/turn              (no ring)

@: rotting
A: rotting body, claws 1, carnivore, cold resistance 1, negative energy
resistance 3, inhibited regeneration, torment resistance, unbreathing
a: no special abilities


You were on level 1 of the Dungeon.
You were not hungry.

You visited 1 branch of the dungeon, and saw 1 of its levels.

Inventory:

Missiles
 b - 28 stones (quivered)
Armour
 c - a +0 robe (worn)
 e - a +0 pair of boots (worn)
Potions
 a - a potion of mutation {!q, unknown}
Comestibles
 d - a ration


   Skills:
 - Level 1.7 Dodging
 - Level 2.1 Stealth
 + Level 1.8 Spellcasting
   Level 0.8 Transmutations
 * Level 3.3 Earth Magic


You had 2 spell levels left.
You knew the following spells:

 Your Spells              Type           Power        Failure   Level  Hunger
a - Sandblast             Erth           #.....       9%          1    ##.....

Your spell library contained the following spells:

 Spells                   Type           Power        Failure   Level  Hunger
 Passwall                 Tmut/Erth      #.......     21%         2    ###....
 Stone Arrow              Conj/Erth      #.....       43%         3    ####...
 Petrify                  Tmut/Erth      #.......     80%         4    #####..
 Lee's Rapid Deconstruct  Erth           #.........   92%         5    ######.


Dungeon Overview and Level Annotations

Branches:
Dungeon (1/15)

Altars:


Innate Abilities, Weirdness & Mutations

Your body is rotting away.
You thrive on raw meat.
You are immune to poison.
You have sharp fingernails.
You are carnivorous and can eat meat at any time.
Your flesh is cold resistant. (rC+)
You are immune to negative energy. (rN+++)
You do not regenerate when monsters are visible.
You are immune to unholy pain and torment.
You can survive without breathing.


Message History

Casting: Sandblast (safe; 9% risk of failure)
Confirm with . or Enter, or press ? or * to list all spells.
Aiming: Sandblast (safe; 9% risk of failure)
Press: ? - help, Shift-Dir - straight line, f/p - hobgoblin
Aim: a hobgoblin, wielding a +0 club (moderately wounded)
The blast of sand hits the hobgoblin.
You kill the hobgoblin!
b - 28 stones A leopard gecko comes into view.
Casting: Sandblast (safe; 9% risk of failure)
Confirm with . or Enter, or press ? or * to list all spells.
You don't have enough magic to cast that spell.
Casting: Sandblast (safe; 9% risk of failure)
Confirm with . or Enter, or press ? or * to list all spells.
You don't have enough magic to cast that spell.
Casting: Sandblast (safe; 9% risk of failure)
Confirm with . or Enter, or press ? or * to list all spells.
You don't have enough magic to cast that spell.
The leopard gecko hisses angrily.
The hobgoblin closely misses you. The hobgoblin completely misses you.
The hobgoblin hits you but does no damage.
You barely miss the leopard gecko. The kobold hits you but does no damage.
The hobgoblin closely misses you.
A giant cockroach comes into view.
The leopard gecko barely misses you.
You scratch the leopard gecko but do no damage.
The hobgoblin hits you but does no damage.
The kobold hits you with a +0 short sword.
The leopard gecko closely misses you. The hobgoblin misses you.
The leopard gecko closely misses you. The kobold hits you but does no damage.
The leopard gecko closely misses you.
The leopard gecko bites you but does no damage.
The rat misses you.
The giant cockroach completely misses you.
The leopard gecko closely misses you. The rat bites you.
The giant cockroach misses you. The rat closely misses you.
A goblin comes into view. It is wielding a +0 club.
The goblin shouts!
You hear a shout!
A hobgoblin comes into view.
The kobold hits you with a +0 short sword.
The giant cockroach bites you.
* * * LOW HITPOINT WARNING * * *
A frilled lizard comes into view.
The frilled lizard hisses angrily.
The goblin hits you but does no damage. The hobgoblin misses you.
The giant cockroach bites you but does no damage.
The hobgoblin drinks a potion.
The hobgoblin flickers and vanishes!
Deactivating autopickup; reactivate with Ctrl-A.
The goblin hits you but does no damage.
Found a stone staircase leading down.
You closely miss something. The goblin barely misses you.
The giant cockroach closely misses you. The hobgoblin barely misses you.
Something hits you.
* * * LOW HITPOINT WARNING * * *
You closely miss something. The giant cockroach barely misses you.
The leopard gecko bites you.
* * * LOW HITPOINT WARNING * * *
The goblin hits you but does no damage. The hobgoblin barely misses you.
Something hits you but does no damage. The giant cockroach closely misses you.
The leopard gecko bites you but does no damage.
You miss something. The goblin hits you with a +0 club.
You die...

##.......<.≈≈.≈
#..........≈.≈≈ #
#)........(.≈.≈ # #.
##...........≈.. ##.##.
#.............≈.
#.....###.............≈.
#......K...............≈
.)(....ggr............≈≈
.......@sg........###.≈
.#.....ll......#### ##
#.#.#.......###
#.............
#...#.#........# #.#
....#....#.# #
##...#.##...# ....>..
...


You could see a leopard gecko, a giant cockroach, 2 hobgoblins, a goblin, a
kobold, a frilled lizard and a rat.

Vanquished Creatures
  A hobgoblin (D:1)
1 creature vanquished.

Notes
Turn   | Place    | Note
-------+----------+-------------------------------------------
     0 | D:1      | Amnesiac the Ghoul Earth Elementalist began the quest for
                  | the Orb.
     0 | D:1      | Reached XP level 1. HP: 14/14 MP: 2/2
    60 | D:1      | Slain by a goblin

Vault maps used:
D:1:      nicolae_arrival_washed_ashore

Action                   || total
-------------------------++-------
Melee: Unarmed           ||     5
 Cast: Sandblast         ||     2
Armor: Robe              ||     9
Dodge: Dodged            ||    20

Table legend:
 A = Non-vault XP
 B = Vault XP
 C = Vault XP percentage of total XP
 D = Non-vault monster count
 E = Vault monster count
 F = Vault count percentage of total count
                 A         B        C        D         E       F
            +---------+---------+-------+---------+---------+-------
      Total |       2 |       0 |   0.0 |       1 |       0 |   0.0
            +---------+---------+-------+---------+---------+-------
        D:1 |       2 |       0 |   0.0 |       1 |       0 |   0.0
            +---------+---------+-------+---------+---------+-------
